 Dungeon Crawl Stone Soup version 0.30-a0-390-g80c34de65d (webtiles) character file.

Game seed: 12624870131349668915

102802 Lobster4 the Gelid (level 16, -6/124 HPs)
             Began as a Human Ice Elementalist on Dec 4, 2022.
             Was a Follower of Qazlal.
             Killed from afar by a will-o-the-wisp (25 damage)
             ... with a foxfire
             ... on level 2 of the Swamp.
             The game lasted 01:52:30 (32510 turns).

Lobster4 the Gelid (Human Ice Elementalist)        Turns: 32510, Time: 01:52:31

Health: -6/124     AC: 17    Str: 10    XL:     16   Next: 87%
Magic:  30/30      EV: 16    Int: 26    God:    Qazlal [*.....]
Gold:   800        SH:  7    Dex: 21    Spells: 19/35 levels left

rFire   . . .      SeeInvis .    b - +10 short sword of Oblewk {spect, rC+++ Will++ Str-3 Stlth-}
rCold   + + +      Faith    .    (no shield)
rNeg    + + +      Spirit   .    Q - +3 robe "Qigiokih" {rPois rN+ Str-3}
rPois   +          Reflect  +    r - +2 hat {Int+3}
rElec   +          Harm     .    H - +2 cloak
rCorr   .          Rampage  .    s - +2 pair of gloves of the Gusle {Fly rN+ Will++ Dex-3}
Will    +++++                    E - +1 pair of boots of Yskaisya {rElec rN+ Str+5}
Stlth   +.........               U - amulet of reflection
HPRegen 0.40/turn                y - +6 ring of dexterity
MPRegen 0.22/turn                K - +6 ring of intelligence

@: flying
A: no striking features
a: Renounce Religion


You were on level 2 of the Swamp.
You worshipped Qazlal.
Qazlal was aware of your devotion.
You visited 5 branches of the dungeon, and saw 25 of its levels.
You also visited: Trove, Bailey and Ice Cave.

You collected 3016 gold pieces.
You spent 2216 gold pieces at shops.

Inventory:

Hand Weapons
 a - a +4 shortbow of electrocution
 b - the +10 short sword of Oblewk (weapon) {spect, rC+++ Will++ Str-3 Stlth-}
   (You bought it in a shop on level 2 of the Orcish Mines)

   When its wielder attacks, the weapon's spirit leaps out and strikes again.
   The spirit shares a part of any damage it takes with its wielder.
   Str:       It affects your strength (-3).
   rC:        It renders you almost immune to cold.
   Will:      It greatly increases your willpower.
   Stlth:     It makes you less stealthy.
 e - a +3 longbow of flaming
 u - the +9 bardiche of Gixubume {freeze, rElec Dex+5 Stlth-}
   (You found it on level 5 of the Lair of Beasts)

   It freezes those it strikes, dealing additional cold damage.
   It can also slow down cold-blooded creatures.
   Dex:       It affects your dexterity (+5).
   rElec:     It insulates you from electricity.
   Stlth:     It makes you less stealthy.
 w - the +6 flail "Qynla" {vorpal, *Slow rPois rN+ rCorr}
   (You found it on level 2 of the Swamp)

   It inflicts extra damage upon your enemies.
   rPois:     It protects you from poison.
   rN:        It protects you from negative energy.
   rCorr:     It protects you from acid and corrosion.
   *Slow:     It may slow you when you take damage.
 D - a +2 vorpal shortbow
 X - the +3 great sword of Destiny {speed, rC+ Will+}
   (You bought it in a shop on level 9 of the Dungeon)

   Attacks with this weapon are significantly faster.
   rC:        It protects you from cold.
   Will:      It increases your willpower.
Armour
 r - a +2 hat of intelligence (worn)
 s - the +2 pair of gloves of the Gusle (worn) {Fly rN+ Will++ Dex-3}
   (You found it in a treasure trove)

   Dex:       It affects your dexterity (-3).
   rN:        It protects you from negative energy.
   Fly:       It grants you flight.
   Will:      It greatly increases your willpower.
 C - the +10 scale mail of Good Intentions {rF+++ Regen+}
   (You found it in a treasure trove)

   rF:        It renders you almost immune to fire.
   Regen:     It increases your rate of health regeneration.
 E - the +1 pair of boots of Yskaisya (worn) {rElec rN+ Str+5}
   (You found it in a treasure trove)

   Str:       It affects your strength (+5).
   rElec:     It insulates you from electricity.
   rN:        It protects you from negative energy.
 H - a +2 cloak (worn)
 M - the +2 pair of gloves of Hadjma {rCorr}
   (You found it in a treasure trove)

   rCorr:     It protects you from acid and corrosion.
 Q - the +3 robe "Qigiokih" (worn) {rPois rN+ Str-3}
   (You found it in a treasure trove)

   Str:       It affects your strength (-3).
   rPois:     It protects you from poison.
   rN:        It protects you from negative energy.
 S - the +0 pair of gloves of the Vacuum {rC- rN+ SInv Stlth+}
   (You found it in a treasure trove)

   rC:        It makes you vulnerable to cold.
   rN:        It protects you from negative energy.
   SInv:      It lets you see invisible.
   Stlth:     It makes you more stealthy.
Jewellery
 v - a ring of protection from fire
 y - a +6 ring of dexterity (left hand)
 J - a ring of magical power
 K - a +6 ring of intelligence (right hand)
 U - an amulet of reflection (around neck)
 W - an amulet of the acrobat
 Y - a ring of willpower
Wands
 f - a wand of paralysis (48)
 n - a wand of quicksilver (1)
 o - a wand of digging (2)
 O - a wand of roots (11)
Scrolls
 d - 5 scrolls of enchant armour
 i - 2 scrolls of poison
 p - a scroll of silence
 z - 3 scrolls of enchant weapon
 G - 2 scrolls of summoning
 I - 6 scrolls of blinking
 P - 2 scrolls of fear
 R - a scroll of butterflies
 Z - 2 scrolls of teleportation
Potions
 c - 10 potions of curing
 g - 5 potions of lignification
 h - 4 potions of ambrosia
 j - 8 potions of might
 k - 3 potions of magic
 l - 5 potions of brilliance
 m - 2 potions of cancellation
 q - a potion of invisibility
 t - 7 potions of heal wounds
 A - 10 potions of haste
 B - 2 potions of berserk rage
 T - a potion of resistance


   Skills:
 + Level 10.9 Fighting
 + Level 4.0(5.5) Short Blades
 - Level 5.7(6.3) Long Blades
 - Level 3.0 Polearms
 * Level 10.3 Ranged Weapons
 - Level 1.0 Throwing
 + Level 8.8 Armour
 - Level 6.0 Dodging
 - Level 2.0 Stealth
 + Level 10.3 Spellcasting
 - Level 5.0 Conjurations
 - Level 5.0 Summonings
 + Level 2.7 Necromancy
 * Level 15.5 Ice Magic
 - Level 5.0 Air Magic
 + Level 5.2 Invocations
 - Level 3.0 Evocations


You had 19 spell levels left.
You knew the following spells:

 Your Spells              Type           Power      Damage    Failure   Level
a - Freeze                Ice            100%       1d10      0%          1
b - Frozen Ramparts       Ice            100%       1d16      1%          3
c - Ozocubu's Armour      Ice            76%        N/A       1%          3
d - Summon Ice Beast      Ice/Summ       61%        N/A       1%          4
e - Freezing Cloud        Conj/Ice/Air   27%        6-21      3%          5

Your spell library contained the following spells:

 Spells                   Type           Power      Damage    Failure   Level
 Necrotise                Necr           100%       1d9       1%          1
 Summon Small Mammal      Summ           100%       N/A       1%          1
 Ensorcelled Hibernation  Hex/Ice        100%       N/A       1%          2
 Swiftness                Air            39%        N/A       1%          3
 Cigotuvi's Dreadful Rot  Necr/Pois/Air  52%        N/A       2%          2
 Apportation              Tloc           26%        N/A       4%          1
 Slow                     Hex            52%        N/A       4%          1
 Summon Guardian Golem    Hex/Summ       26%        N/A       4%          3
 Vampiric Draining        Necr           27%        2d7       4%          3
 Passwall                 Tmut/Erth      10%        N/A       7%          2
 Kindle Blastsparks       Fire/Tloc/Air  44%        2d13      7%          3
 Confusing Touch          Hex            13%        N/A       14%         3
 Portal Projectile        Hex/Tloc       26%        N/A       14%         3
 Tukima's Dance           Hex            13%        N/A       14%         3
 Animate Dead             Necr           27%        N/A       14%         4
 Dispel Undead            Necr           27%        3d13      14%         4
 Fulminant Prism          Conj/Hex       13%        3d8       16%         4
 Iskenderun's Mystic Bla  Conj/Tloc      26%        2d7       16%         4
 Simulacrum               Ice/Necr       28%        N/A       16%         6
 Borgnjor's Vile Clutch   Necr/Erth      10%        N/A       56%         5
 Blade Hands              Tmut           6%         N/A       77%         5
 Lee's Rapid Deconstruct  Erth           6%         3d6*      77%         5
 Death Channel            Necr           13%        N/A       92%         6
 Orb of Destruction       Conj           19%        9d8       99%         7
 Spellforged Servitor     Conj/Summ      19%        N/A       99%         7
 Borgnjor's Revivificati  Necr           13%        N/A       100%        8
 Necromutation            Tmut/Necr      10%        N/A       100%        8
 Death's Door             Necr           13%        N/A       100%        9
 Polar Vortex             Ice            38%        N/A       100%        9


Dungeon Overview and Level Annotations

Branches:
Dungeon (15/15)            Temple (1/1) D:4            Lair (5/5) D:9
  Swamp (2/4) Lair:2        Snake (0/4) Lair:3        Slime (0/5) Lair:4
    Orc (2/2) D:9             Elf (0/3) Orc:2        Vaults (0/5) D:13
 Depths (0/4) D:15         Bailey (visited)           IceCv (visited)

Altars:
Ashenzari
Cheibriados
Dithmenos
Elyvilon
Fedhas
Gozag
Hepliaklqana
Kikubaaqudgha
Makhleb
Nemelex Xobeh
Okawaru
Qazlal
Ru
Sif Muna
Trog
Uskayaw
Vehumet
Wu Jian
Xom
Yredelemnul
Zin
The Shining One
Jiyva

Shops:
D:4 *   D:9 **((!   D:15 =   Orc:2 !(((


Message History

The will-o-the-wisp conjures some foxfire! 2 foxfires come into view. 2 swamp worms come into view.
The foxfire hits you!!
The will-o-the-wisp gestures.
The will-o-the-wisp conjures some foxfire!
The swamp worm moves out of view. 2 foxfires come into view.
You closely miss the foxfire.
Your +10 short sword of Oblewk {spect, rC+++ Will++ Str-3 Stlth-} hits the foxfire.
The foxfire hits you!
The swamp worm fires a harpoon shot at you.
The harpoon shot hits you but does no damage.
The swamp worm fires a harpoon shot at you.
The harpoon shot hits you.
You are yanked forward by the harpoon shot.
Found a flail.
As you read the scroll of summoning, it crumbles to dust.
Wisps of shadow whirl around you... The foxfire hits you!
The foxfire hits you!! The swamp worm bites you.
* * * LOW HITPOINT WARNING * * *
The will-o-the-wisp gestures.
The will-o-the-wisp conjures some foxfire! 2 foxfires come into view.
You feel much better. The foxfire hits you! The foxfire hits you!!
* * * LOW HITPOINT WARNING * * *
The swamp worm is struck by lightning.
The swamp worm misses you. The swamp worm bites your bog body!!
The will-o-the-wisp gestures.
The will-o-the-wisp conjures some foxfire!
The swamp worm fires a harpoon shot at you.
The harpoon shot hits your bog body! The swamp worm closely misses you.
Your bog body touches the swamp worm.
Your bog body freezes the swamp worm!!
Your bog body touches the swamp worm.
Your bog body freezes the swamp worm!! 2 foxfires come into view.
The swamp worm attacks as you move away!
You block the swamp worm's attack. The foxfire hits you!
* * * LOW HITPOINT WARNING * * *
The foxfire hits you!!
You die...

.♣♣~♣.§~~.♣♣~~..~♣♣♣
♣♣.~~~§~..♣♣..§..♣§♣.♣§.
♣~~~~~~..~.♣...~.~..~..~.
♣~.~~~.....~~...~♣.....~♣
...§~~...~.~...♣.♣~.....~
.....§~~...~....~.§~.~~.♣
~.~♣.~~.♣..♣.....v§~~~.~.
~..~~...♣~~......v§~.....
..~~~.~.~.~.~.~.@k.....~♣
♣.~~.~..........~.w.~.~.♣
♣♣♣≈.....≈♣♣♣.~.~~w..~~§.
♣♣≈.....♣≈ ♣♣.w.nn~...~~
♣♣≈~.....≈≈ ♣♣♣♣♣w~.~.~.
≈≈≈......♣ .~..~~.
≈≈≈......~ ..~.)~.
≈≈≈§.....≈≈ ~..~...
≈≈≈≈~...≈~≈ ~.~..~♣


You could see a will-o-the-wisp, 3 swamp worms, a friendly tyrant leech
(summoned), 2 friendly bog bodies and a friendly swamp drake (summoned).

Vanquished Creatures
  A frost giant (IceCv)
  A stone giant (D:15)
  4 eleionomae
  A bunyip (Swamp:2)
  Josephine (Lair:3)
  6 hydras
  Harold (Orc:1)
  4 vault guards
  4 centaur warriors
  4 boulder beetles
  2 catoblepae
  An alligator (Swamp:1)
  8 death yaks (IceCv)
  3 two-headed ogres
  3 tengu warriors (D:15)
  4 skeletal warriors (D:8)
  3 goliath frogs
  Amaemon (Lair:3)
  2 bog bodies (Swamp:1)
  4 orc knights
  2 wizards (D:13)
  3 necromancers (D:13)
  An orc sorcerer (Orc:2)
  Pikel (D:8)
  2 deep elf pyromancers
  An ugly thing (IceCv)
  6 elephants
  5 cyclopes
  2 manticores
  3 black mambas
  A gargoyle (D:11)
  An ice statue (IceCv)
  2 kobold demonologists (D:12)
  Maggie (Lair:1)
  9 cane toads
  An orange demon (Lair:3)
  A yaktaur (D:15)
  7 rime drakes
  A guardian mummy (D:13)
  A tengu conjurer (D:8)
  4 komodo dragons
  6 trolls
  11 polar bears
  A bloated husk (Swamp:1)
  11 hornets
  4 tyrant leeches
  Prince Ribbit (D:9)
  5 slime creatures
  2 dream sheep (Lair:5)
  23 blink frogs
  Sigmund (D:3)
  17 spriggans
  A shadow (D:13)
  2 vampires
  7 wraiths
  67 yaks
  2 steam dragons
  2 wyverns
  25 humans
  8 vampire mosquitoes
  5 basilisks
  Edmund (D:6)
  2 nagas (Lair:3)
  2 swamp worms (Swamp:1)
  6 wargs
  9 water moccasins
  An acid dragon (D:8)
  An ice beast (D:7)
  2 black bears (Lair:5)
  35 orc warriors
  A sky beast (D:7)
  A swamp drake (Swamp:2)
  10 ogres
  3 boggarts (Lair:5)
  10 centaurs
  36 wolves
  A phantom (D:6)
  3 lemures (D:8)
  5 kobold brigands
  15 bullfrogs
  A necrophage (D:5)
  A gnoll sergeant (D:8)
  2 scorpions (D:6)
  4 howler monkeys
  2 electric eels
  3 hounds
  A centaur zombie (D:4)
  10 jellies
  24 orc priests
  2 gnoll boudas
  4 iguanas
  23 orc wizards
  A scorpion zombie (D:4)
  27 gnolls
  5 adders
  2 shadow imps
  4 white imps
  An ufetubus (D:7)
  8 worms
  A dart slug (D:1)
  96 orcs
  6 bats
  19 endoplasms
  2 giant cockroaches
  6 hobgoblins
  19 jackals
  8 quokkas
  10 ball pythons
  2 frilled lizards
  13 goblins
  24 kobolds
  2 rats
791 creatures vanquished.

Vanquished Creatures (collateral kills)
  Agnes (D:15)
  A fire dragon (D:15)
  A hydra (Swamp:1)
  A tengu warrior (D:15)
  An elephant (Lair:3)
  An orc warrior (Orc:1)
  2 orc priests (Orc:1)
  An orc (Orc:1)
9 creatures vanquished.

Vanquished Creatures (others)
  Nessos (Lair:3)
  11 foxfires (Swamp:2)
  42 fungi
  58 plants
112 creatures vanquished.

Grand Total: 912 creatures vanquished

Notes
Turn   | Place    | Note
-------+----------+-------------------------------------------
     0 | D:1      | Lobster4 the Human Ice Elementalist began the quest for the
                  | Orb.
     0 | D:1      | Reached XP level 1. HP: 13/13 MP: 3/3
   123 | D:1      | Found a faded altar of an unknown god.
   350 | D:1      | Reached XP level 2. HP: 19/19 MP: 3/5
   675 | D:1      | Reached XP level 3. HP: 25/25 MP: 3/6
  1635 | D:2      | Reached skill level 1 in Short Blades
  1654 | D:2      | Reached XP level 4. HP: 31/31 MP: 7/7
  2010 | D:2      | Reached skill level 1 in Fighting
  2042 | D:2      | Reached skill level 1 in Ranged Weapons
  2134 | D:2      | Reached skill level 1 in Armour
  2470 | D:2      | Reached XP level 5. HP: 21/37 MP: 4/8
  2795 | D:2      | Learned a level 3 spell: Frozen Ramparts
  3001 | D:3      | Reached XP level 6. HP: 37/43 MP: 4/9
  3231 | D:3      | Reached skill level 5 in Ice Magic
  3344 | D:3      | Reached skill level 1 in Throwing
  3400 | D:3      | Reached skill level 1 in Evocations
  3739 | D:3      | Reached XP level 7. HP: 50/50 MP: 11/11
  3754 | D:3      | Noticed Sigmund
  3785 | D:3      | Killed Sigmund
  4426 | D:3      | Learned a level 3 spell: Ozocubu's Armour
  4652 | D:3      | Reached skill level 6 in Ice Magic
  4652 | D:3      | Reached XP level 8. HP: 31/57 MP: 2/13
  4961 | D:4      | Found Kojogos's Assorted Antiques.
  5570 | D:4      | Found a shadowy altar of Dithmenos.
  5694 | D:4      | Found a staircase to the Ecumenical Temple.
  5703 | Temple   | Entered the Ecumenical Temple
  5746 | Temple   | Became a worshipper of Qazlal Stormbringer
  6015 | D:4      | Found a basalt altar of Yredelemnul.
  6210 | D:5      | Entered Level 5 of the Dungeon
  6361 | D:5      | Found an opulent altar of Gozag.
  6512 | D:5      | Found a broken altar of Ashenzari.
  6726 | D:5      | Reached skill level 1 in Invocations
  6784 | D:5      | Found a burning altar of Makhleb.
  6785 | D:5      | Found a shimmering blue altar of Sif Muna.
  7518 | D:6      | Reached XP level 9. HP: 64/64 MP: 9/15
  7582 | D:6      | Noticed Edmund
  7586 | D:6      | Reached skill level 7 in Ice Magic
  7592 | D:6      | Killed Edmund
  8067 | D:6      | Found an iron altar of Okawaru.
  8332 | D:6      | Learned a level 4 spell: Summon Ice Beast
  8749 | D:7      | Found a sacrificial altar of Ru.
  8756 | D:7      | Found a bloodstained altar of Trog.
  9171 | D:8      | Reached skill level 1 in Summonings
  9454 | D:8      | Noticed a skeletal warrior
  9455 | D:8      | Noticed a skeletal warrior
  9709 | D:8      | Noticed a tengu conjurer
  9794 | D:8      | Noticed Pikel
  9807 | D:8      | Noticed a cyclops
  9807 | D:8      | Noticed a slime creature
  9850 | D:8      | Killed a cyclops
  9850 | D:8      | Reached * piety under Qazlal
  9851 | D:8      | Reached skill level 8 in Ice Magic
  9851 | D:8      | Reached XP level 10. HP: 47/73 MP: 4/17
  9959 | D:8      | Reached skill level 5 in Spellcasting
 10049 | D:8      | Noticed a centaur warrior
 10060 | D:8      | Killed a centaur warrior
 10061 | D:8      | Reached skill level 5 in Fighting
 10061 | D:8      | Reached skill level 5 in Armour
 10437 | D:8      | Reached skill level 9 in Ice Magic
 10752 | D:8      | Killed Pikel
 10931 | D:8      | Learned a level 5 spell: Freezing Cloud
 10989 | D:8      | Noticed a two-headed ogre
 10999 | D:8      | Killed a two-headed ogre
 11118 | D:8      | Noticed a skeletal warrior
 11268 | D:9      | Reached skill level 1 in Conjurations
 11268 | D:9      | Reached skill level 1 in Air Magic
 11389 | D:9      | Found Ufizing's Weapon Shoppe.
 11426 | D:9      | Found Xouddi's Antique Weapon Boutique.
 11439 | D:9      | Reached XP level 11. HP: 79/81 MP: 9/19
 11472 | D:9      | Found Pizxomuhie's Distillery.
 11476 | D:9      | Bought 2 potions of degeneration for 30 gold pieces
 11479 | D:9      | Bought a potion of heal wounds for 75 gold pieces
 11479 | D:9      | Bought a potion of heal wounds for 75 gold pieces
 11479 | D:9      | Bought a potion of heal wounds for 75 gold pieces
 11479 | D:9      | Bought a potion of ambrosia for 120 gold pieces
 11511 | D:9      | Reached ** piety under Qazlal
 11513 | D:9      | Found Icvof's General Store.
 11529 | D:9      | Bought a potion of haste for 120 gold pieces
 11573 | D:9      | Noticed Prince Ribbit
 11578 | D:9      | Killed Prince Ribbit
 11599 | D:9      | Found Voxoiteh's Assorted Antiques.
 11666 | D:9      | Found a staircase to the Orcish Mines.
 11697 | D:9      | Found a staircase to the Lair.
 11723 | D:9      | Reached skill level 10 in Ice Magic
 11753 | D:9      | Noticed a two-headed ogre
 11781 | D:9      | Killed a two-headed ogre
 11807 | D:9      | Found a flagged portal.
 11816 | Bailey   | Entered a bailey
 11971 | Bailey   | Reached skill level 1 in Long Blades
 12076 | Bailey   | Reached *** piety under Qazlal
 12153 | Bailey   | Noticed a vault guard
 12164 | Bailey   | Killed a vault guard
 12166 | Bailey   | Reached skill level 11 in Ice Magic
 12322 | Bailey   | Noticed a vault guard
 12333 | Bailey   | Killed a vault guard
 12334 | Bailey   | Reached XP level 12. HP: 65/91 MP: 10/22
 12854 | D:10     | Entered Level 10 of the Dungeon
 13448 | D:10     | Found a hazy altar of Hepliaklqana.
 13510 | Lair:1   | Entered Level 1 of the Lair of Beasts
 13566 | D:9      | Bought an ancient great sword for 264 gold pieces
 13566 | D:9      | Identified the +3 great sword of Destiny {speed, rC+ Will+}
                  | (You bought it in a shop on level 9 of the Dungeon)
 13832 | Lair:1   | Noticed Maggie
 13847 | Lair:1   | Killed Maggie
 14062 | Lair:1   | Noticed a catoblepas
 14087 | Lair:1   | Killed a catoblepas
 15040 | Lair:2   | Reached skill level 12 in Ice Magic
 15169 | Lair:2   | Reached skill level 5 in Summonings
 15283 | Lair:2   | Found a staircase to the Swamp.
 15766 | Lair:2   | Reached **** piety under Qazlal
 16162 | Lair:3   | Reached XP level 13. HP: 99/99 MP: 25/25
 16304 | Lair:3   | Noticed Amaemon
 16320 | Lair:3   | Noticed Josephine
 16332 | Lair:3   | Reached skill level 5 in Ranged Weapons
 16332 | Lair:3   | Killed Amaemon
 16339 | Lair:3   | Killed Josephine
 16617 | Lair:3   | Noticed a six-headed hydra
 16635 | Lair:3   | Killed a six-headed hydra
 16636 | Lair:3   | Reached skill level 13 in Ice Magic
 16968 | Lair:3   | Noticed a seven-headed hydra
 16978 | Lair:3   | Killed a seven-headed hydra
 17201 | Lair:3   | Found a staircase to the Snake Pit.
 18395 | Lair:4   | Noticed Nessos
 18637 | Lair:4   | Found a viscous altar of Jiyva.
 18637 | Lair:4   | Found a staircase to the Slime Pits.
 18817 | Lair:3   | Killed Nessos
 19094 | Lair:4   | You fall into a shaft and drop 1 floor!
 19094 | Lair:5   | Entered Level 5 of the Lair of Beasts
 19196 | Lair:5   | Noticed an eight-headed hydra
 19207 | Lair:5   | Killed an eight-headed hydra
 19214 | Lair:5   | Reached XP level 14. HP: 45/108 MP: 10/26
 19222 | Lair:5   | Reached ***** piety under Qazlal
 20214 | Lair:5   | Paralysed by a hornet for 1 turns
 20332 | Lair:5   | Identified the +9 bardiche of Gixubume {freeze, rElec Dex+5
                  | Stlth-}
 20404 | Lair:5   | Reached skill level 14 in Ice Magic
 20592 | Lair:4   | Reached skill level 5 in Dodging
 20612 | Lair:4   | Reached skill level 1 in Polearms
 22065 | Orc:1    | Entered Level 1 of the Orcish Mines
 22623 | Orc:1    | Reached ****** piety under Qazlal
 23440 | Orc:2    | Entered Level 2 of the Orcish Mines
 23812 | Orc:1    | Noticed Harold
 23888 | Orc:1    | Killed Harold
 24053 | Orc:2    | Reached skill level 5 in Invocations
 24101 | Orc:2    | Reached XP level 15. HP: 108/115 MP: 28/28
 24210 | Orc:2    | Found a staircase to the Elven Halls.
 24496 | Orc:2    | Found Vylig's Weapon Emporium.
 24496 | Orc:2    | Found Kufitosk's Weapon Shop.
 24498 | Orc:2    | Found Qotiulu's Weapon Boutique.
 24500 | Orc:2    | Found Mainixesh's Distillery.
 25507 | Orc:2    | Bought the +10 short sword of Oblewk {spect, rC+++ Will++
                  | Str-3 Stlth-} for 1457 gold pieces
 25680 | D:12     | Reached skill level 5 in Long Blades
 25834 | D:12     | Reached skill level 10 in Fighting
 26036 | D:12     | Found a frozen archway.
 26045 | IceCv    | Entered an ice cave
 26388 | IceCv    | Noticed a frost giant
 26476 | IceCv    | Killed a frost giant
 26707 | IceCv    | Reached skill level 5 in Conjurations
 27589 | D:13     | Reached skill level 5 in Air Magic
 27599 | D:13     | Identified the +0 robe of Disguise {Harm Int+3 Dex+2}
 27776 | D:12     | Reached XP level 16. HP: 62/123 MP: 7/29
 28145 | D:13     | Reached skill level 15 in Ice Magic
 28380 | D:13     | Found a portal to a secret trove of treasure.
 28429 | Trove    | Entered a treasure trove
 28431 | Trove    | Found the +8 orange crystal plate armour {Archmagi, Int+3
                  | Clar}
 28437 | Trove    | Identified the +1 helmet "Boegracy" {Will++ Str-4}
 28442 | Trove    | Identified the +3 robe "Qigiokih" {rPois rN+ Str-3}
 28443 | Trove    | Identified the +2 pair of gloves of the Gusle {Fly rN+
                  | Will++ Dex-3}
 28448 | Trove    | Identified the +1 buckler of Gebei {+Inv Regen+ Int+3}
 28452 | Trove    | Identified the +10 scale mail of Good Intentions {rF+++
                  | Regen+}
 28454 | Trove    | Identified the +1 pair of boots of Yskaisya {rElec rN+
                  | Str+5}
 28462 | Trove    | Identified the +0 pair of gloves of the Vacuum {rC- rN+
                  | SInv Stlth+}
 28465 | Trove    | Identified the +2 pair of gloves of Hadjma {rCorr}
 28985 | D:13     | Found a gate to the Vaults.
 30008 | D:15     | Entered Level 15 of the Dungeon
 30008 | D:15     | Noticed Agnes
 30081 | D:15     | Killed Agnes
 30082 | D:15     | Reached skill level 10 in Spellcasting
 30082 | D:15     | Reached skill level 1 in Necromancy
 30130 | D:15     | Found Gorej's Jewellery Emporium.
 30408 | D:15     | Found a staircase to the Depths.
 31043 | D:8      | Reached skill level 10 in Ranged Weapons
 31180 | Swamp:1  | Entered Level 1 of the Swamp
 31979 | Swamp:2  | Identified the +6 flail "Qynla" {vorpal, *Slow rPois rN+
                  | rCorr}
 32510 | Swamp:2  | Killed from afar by a will-o-the-wisp

Illustrated notes

Levels and vault maps discovered:
D:1:      dpeg_arrival_rooms_b, layout_loops_corners, basic_ecumenical_altar
D:2:      cheibrodos_pilgrimage, layout_loops_ring, minmay_misc_feat_columns
D:3:      lemuel_castle_with_subvaults [lemuel_castle_interior_carwin_1],
          layout_rooms, uniq_sigmund
D:4:      layout_cave_pods, grunt_dithmenos_smoke_and_mirrors,
          lemuel_zombie_altar_yredelemnul, minmay_temple_entry_statues,
          serial_shops, shop
D:5:      layout_cave_pods, nicolae_overflow_squiral,
          nicolae_ashenzari_skybound,
          nicolae_gozag_cash_rules_everything_around_me, serial_column_ruins,
          column_ruins_columns_straight, column_ruins_columns_dead_end,
          column_ruins_open_tiny, column_ruins_columns_corner
D:6:      layout_loops_corners, kennysheep_mini_moat, uniq_edmund
D:7:      layout_rooms, minitemple, st_stairs_13
D:8:      layout_basic, minmay_shattered_shrine, uniq_pikel
D:9:      layout_roguey, dpeg_oklobed_lair, minmay_orc_entry_temple_small,
          enter_bailey_3, serial_shops, shop, nicolae_square_shop, shop,
          nicolae_square_shop, nicolae_shop_competitors_out_of_business,
          uniq_prince_ribbit1
D:10:     layout_cave_pools, kennysheep_mini
D:11:     layout_basic
D:12:     layout_irregular_city, portal_ice_cave_entry_pillars_2
D:13:     layout_basic, grunt_vaults_entry_tiered,
          nicolae_trove_entry_path_of_doom
D:14:     layout_rooms, nrook_pool_corridor,
          nicolae_concentric_dashed_squares_wild
D:15:     grunt_enter_depths_snipers, layout_cross, serial_shops, shop,
          uniq_agnes
Temple:   nicolae_temple_bog_church
Lair:1:   layout_loops_ring, lemuel_fruit_tree, uniq_maggie
Lair:2:   layout_gridlike, swamp_mist_pool
Lair:3:   layout_cave_pods, guppyfry_snake_entry_island, hibernation_bobbens,
          uniq_amaemon, uniq_josephine
Lair:4:   lemuel_slime, layout_long_grid, slime_entry_1, beast_lair_carwin_9,
          uniq_nessos
Lair:5:   minmay_lair_end_enchanted_forest, layout_regular_city,
          lemuel_fruit_fields
Swamp:1:  layout_basic_swamp, evilmike_swamp_ruin_house_6, swamp_pool4,
          infiniplex_staircase_pool_2
Swamp:2:  gammafunk_mikee_crab_dinner, layout_basic_swamp,
          nicolae_swamp_feature_on_the_river_bank
Orc:1:    layout_caves, uniq_harold
Orc:2:    st_orc_rangers, layout_diamond_mine

Skill      XL: |  1  2  3  4  5  6  7  8  9 10 11 12 13 14 15 16 |
---------------+-------------------------------------------------+-----
Short Blades   | 1 2 4 |  4.0
Fighting       | 1 2 3 4 5 7 8 9 10 | 10.9
Ranged Weapons | 1 2 3 4 6 7 9 10 | 10.3
Armour         | 1 2 3 4 5 6 7 8 |  8.8
Ice Magic      | 5 6 8 9 11 12 13 14 15 | 15.5
Throwing       | 1 |  1.0
Dodging        | 3 4 5 6 |  6.0
Evocations     | 1 2 3 |  3.0
Spellcasting   | 3 4 5 7 8 9 10 | 10.3
Invocations    | 1 3 5 |  5.2
Summonings     | 2 3 4 5 |  5.0
Conjurations   | 1 3 4 5 |  5.0
Air Magic      | 1 3 4 5 |  5.0
Long Blades    | 1 3 4 5 |  5.7
Polearms       | 1 3 |  3.0
Necromancy     | 2 |  2.7
Stealth        | |  2.0

Action                   |  1- 3 |  4- 6 |  7- 9 | 10-12 | 13-15 | 16-18 || total
-------------------------+-------+-------+-------+-------+-------+-------++-------
Melee: Short sword       |     3 |       |       |       |    17 |    32 ||    52
       Unarmed           |     1 |       |       |       |       |       ||     1
       Punch             |       |       |       |       |     2 |     1 ||     3
 Fire: Shortbow          |    63 |   173 |   365 |   238 |   871 |   253 ||  1963
Throw: Dart              |       |       |       |     5 |       |       ||     5
 Cast: Freeze            |    42 |    43 |    54 |   126 |   139 |    39 ||   443
       Frozen Ramparts   |       |       |    40 |    51 |    87 |    24 ||   202
       Ozocubu's Armour  |       |       |    12 |    29 |    54 |    20 ||   115
       Summon Ice Beast  |       |       |       |       |     5 |     3 ||     8
       Freezing Cloud    |       |       |       |       |     7 |     3 ||    10
Evoke: Wand              |       |       |       |       |     3 |       ||     3
  Use: Scroll            |       |     7 |     8 |     9 |     8 |     9 ||    41
       Potion            |       |       |     1 |     1 |     2 |     4 ||     8
 Stab: Distracted        |       |       |       |       |     2 |       ||     2
Armor: Robe              |    10 |    15 |       |       |       |    29 ||    54
       Leather armour    |       |     4 |    40 |       |       |       ||    44
       Ring mail         |       |       |    21 |    65 |       |       ||    86
       Steam dragon scal |       |       |       |    16 |   245 |    20 ||   281
       Scale mail        |       |       |       |       |       |    97 ||    97
Dodge: Dodged            |    39 |    46 |   132 |   130 |   529 |   134 ||  1010
       Repelled          |       |       |       |       |     6 |       ||     6
Block: Other             |       |       |       |    34 |   361 |    70 ||   465
       Reflection        |       |       |       |       |    42 |     6 ||    48

Table legend: (Time is in decaauts)
 A = Elapsed time spent in this place.
 B = Non-inter-level travel time spent in this place.
 C = Inter-level travel time spent in this place.
 D = Time resting spent in this place.
 E = Time spent auto-exploring this place.
 F = Levels seen in this place.
 G = Mean time per level.
                   A        B        C        D        E       F      G
               +--------+--------+--------+--------+--------+-----+--------+
         Total |  33075 |  31160 |   1915 |   6475 |  17339 |  28 | 1181.2 |
       Dungeon |  19524 |  18212 |   1312 |   3669 |  10138 |  15 | 1301.6 |
        Temple |     66 |     47 |     19 |      0 |      5 |   1 |   66.0 |
          Lair |   8608 |   8187 |    421 |   1774 |   4824 |   5 | 1721.6 |
         Swamp |   1321 |   1288 |     33 |    368 |    671 |   2 |  660.5 |
  Orcish Mines |   1715 |   1587 |    128 |     93 |   1050 |   2 |  857.5 |
         Trove |    100 |    100 |      0 |      0 |      3 |   1 |  100.0 |
        Bailey |    702 |    702 |      0 |    367 |    155 |   1 |  702.0 |
      Ice Cave |   1037 |   1037 |      0 |    204 |    492 |   1 | 1037.0 |
               +--------+--------+--------+--------+--------+-----+--------+

Top non-repeatable levels by time:
     D:8: 2364 daAuts
     D:9: 2302 daAuts
  Lair:3: 2232 daAuts
  Lair:5: 2201 daAuts
     D:3: 2159 daAuts
  Lair:2: 1618 daAuts
     D:1: 1598 daAuts
    D:13: 1393 daAuts
     D:2: 1361 daAuts
  Lair:1: 1320 daAuts
    D:12: 1280 daAuts
  Lair:4: 1235 daAuts
     D:4: 1232 daAuts
     D:6: 1225 daAuts
   Orc:2: 1112 daAuts
